 Dungeon Crawl Stone Soup version 0.20.0-15-g7f486f2 (console) character file.

11 bli the Shooter (level 2, -1/21 HPs)
             Began as a Merfolk Wanderer on June 13, 2017.
             Slain by a hobgoblin (3 damage)
             ... on level 1 of the Dungeon.
             The game lasted 00:02:19 (151 turns).

bli the Shooter (Merfolk Wanderer)                   Turns: 151, Time: 00:02:21

Health: -1/21      AC:  2    Str: 12    XL:     2   Next: 29%
Magic:  5/5        EV: 11    Int: 10    God:
Gold:   0          SH:  0    Dex: 14    Spells: 5/5 levels left

rFire    . . .     SeeInvis .   m - +0 dagger (flame)
rCold    . . .     Gourm    .   (no shield)
rNeg     . . .     Faith    .   e - +0 robe
rPois    .         Spirit   .   (no helmet)
rElec    .         Reflect  .   (no cloak)
rCorr    .         Harm     .   (no gloves)
MR       .....                  (no boots)
Stlth    ++........             (no amulet)
Regen    0.1/turn               (no ring)
MPRegen  0.1/turn               (no ring)

@: no status effects
A: change form in water, swift swim, stealthy swim
a: no special abilities


You were on level 1 of the Dungeon.
You were not hungry.

You visited 1 branch of the dungeon, and saw 1 of its levels.

Inventory:

Hand Weapons
 a - a +2 shortbow
 h - a +0 club
 l - a +0 short sword
 m - a +0 dagger of flaming (weapon)
Missiles
 b - 26 arrows
 i - 25 stones (quivered)
Armour
 e - a +0 robe (worn)
Scrolls
 g - a scroll of fear {unknown}
 j - a scroll of remove curse {unknown}
 k - a scroll of blinking {unknown}
Potions
 d - a potion of lignification
 n - a potion of degeneration {unknown}
Books
 c - the Catalogue of the Mountains

   Spells                             Type                      Level
   a - Sandblast                      Earth                        1
   b - Stone Arrow                    Conjuration/Earth            3
Comestibles
 f - 2 bread rations


   Skills:
 + Level 1.5 Fighting
 - Level 3.2 Bows
 + Level 0.3 Dodging
 + Level 1.5 Stealth
   Level 1.0 Shields
 + Level 2.3 Spellcasting
   Level 1.0 Hexes


You had 5 spell levels left.
You didn't know any spells.

Dungeon Overview and Level Annotations

Branches:
Dungeon (1/15)

Altars:


Message History

The giant cockroach closely misses you.
You barely miss the giant cockroach.
The giant cockroach is almost dead.
The giant cockroach bites you.
You hit the giant cockroach. You burn the giant cockroach.
You kill the giant cockroach!
You barely miss the hobgoblin. The hobgoblin closely misses you.
You barely miss the hobgoblin.
The hobgoblin hits you but does no damage.
You closely miss the hobgoblin. The hobgoblin hits you.
* * * LOW HITPOINT WARNING * * *
You hit the hobgoblin but do no damage. The hobgoblin closely misses you.
You hit the hobgoblin but do no damage. The hobgoblin hits you.
* * * LOW HITPOINT WARNING * * *
You hit the hobgoblin but do no damage. The hobgoblin closely misses you.
You barely miss the hobgoblin. The hobgoblin closely misses you.
You hit the hobgoblin. You burn the hobgoblin.
The hobgoblin is heavily wounded.
The hobgoblin hits you.
You die...

####..# .# #.....# .# #
#.....###.###........
.####...............[....
...........).............
#.###..........#..#.....?.#
#............#...#........#
##.........((#...#........###
#..........................
######..#........g........# #
.......###......@#........#.#
####..###......#.##.........##
##....##....##................
...##.##.#..####.#####.##.....
#####.##...(.###.####.)......S
#....###..##.##........(.. ###
##.........†....#..#...... ..#
##.####............##.....
#.###....................#...#
#.......###..............#####
###...................#..#


You could see a hobgoblin.

Vanquished Creatures
  A dart slug (D:1)
  A bat (D:1)
  2 giant cockroaches (D:1)
  2 goblins (D:1)
  A frilled lizard (D:1)
  A kobold (D:1)
  A rat (D:1)
9 creatures vanquished.

Notes
Turn   | Place    | Note
-------+----------+-------------------------------------------
     0 | D:1      | bli the Merfolk Wanderer began the quest for the Orb.
     0 | D:1      | bli set off with: a +2 shortbow, 26 arrows, the Catalogue of the Mountains, a potion of lignification, a +0 robe, a bread ration
     0 | D:1      | Reached XP level 1. HP: 15/15 MP: 3/3
   112 | D:1      | Reached XP level 2. HP: 10/21 MP: 5/5
   151 | D:1      | Slain by a hobgoblin

Action                   || total
-------------------------++-------
Melee: Club              ||    19
       Unarmed           ||     9
       Dagger            ||    11
       Short sword       ||     1
Armor: Robe              ||     6
Dodge: Dodged            ||    27
